 Dungeon Crawl Stone Soup version 0.32-a0-898-g7811c86cf0 (webtiles) character file.

Game seed: 1433382369859205066

112 Twinkles the Ruffian (level 4, -11/29 HPs)
             Began as an Octopode Shapeshifter on Apr 4, 2024.
             Was a Follower of Ru.
             Killed by divine providence
             ... invoked by an orc priest
              (16 damage)
             ... on level 3 of the Dungeon.
             The game lasted 00:04:41 (2479 turns).

Twinkles the Ruffian (Octopode Shapeshifter)        Turns: 2479, Time: 00:04:42

Health: -11/29     AC:  1    Str: 15    XL:     4   Next: 95%
Magic:  4/4        EV: 11    Int: 12    God:    Ru [*.....]
Gold:   76         SH:  3    Dex: 11    Spells: 3/3 levels left

rFire   . .          .
                       - Unarmed
rCold   . . .        n - +0 buckler
rNeg    . . .        (helmet currently unavailable)
rPois   .            (no amulet)
rElec   .            (no ring)
rCorr   .            (no ring)
SInv    .            (no ring)
Will    .....        (no ring)
Stlth   +++          (no ring)
HPRegen 0.24/turn    (no ring)
MPRegen 0.09/turn    (no ring)
                     (no ring)

%: no passive effects
@: beast-form
A: beast (slay +1), almost no armour, amphibious, 8 rings, camouflage 1,
gelatinous body 1, unskilled 1, (nimble swimmer 1), tentacles
a: Begin Untransformation, Renounce Religion


You were on level 3 of the Dungeon.
You worshipped Ru.
Ru was aware of your devotion.
You were a hulking beast.
You visited 1 branch of the dungeon, and saw 3 of its levels.

You collected 76 gold pieces.

Inventory:

Armour
 n - a +0 buckler (worn)
Talismans
 b - a beast talisman (active)
 c - a flux talisman
Scrolls
 e - a scroll of noise {unknown}
 f - a scroll of identify {unknown}
 g - a scroll of enchant weapon {unknown}
 i - a scroll of blinking {unknown}
 k - 2 scrolls of fog {unknown}
 m - a scroll of teleportation {unknown}
 p - a scroll of enchant armour {unknown}
 q - a scroll of butterflies {unknown}
 r - a scroll of immolation {unknown}
Potions
 a - a potion of mutation {unknown}
 d - 2 potions of ambrosia {unknown}
 h - a potion of magic {unknown}
 j - 2 potions of curing {unknown}
 l - a potion of brilliance {unknown}
 o - a potion of resistance {unknown}
 P - a potion of lignification


   Skills:
 + Level 2.0 Fighting
 + Level 2.4 Dodging
 + Level 2.2 Stealth
 + Level 3.2 Unarmed Combat
 + Level 3.1 Shapeshifting


You had 3 spell levels left.
You didn't know any spells.
Your spell library was empty.

Dungeon Overview and Level Annotations

Branches:
Dungeon (3/15) Zot: 15524

Altars:
Gozag
Kikubaaqudgha
Ru


Innate Abilities, Weirdness & Mutations

You are a hulking beast.
Your limbs bulge with bestial killing power. (Slay +1)
You cannot wear most types of armour.
You are amphibious.
You can wear up to eight rings at the same time.
Your skin changes colour to match your surroundings (Stealth+).
Your rubbery body absorbs attacks. (AC +1, EV +1)
You are somewhat unskilled. (-1 Apt)
((You are camouflaged when in or above water. (Stealth+)))
You have tentacles for arms and can constrict up to eight enemies at once.


Message History

a +0 club; an orc corpse You tentacle-slap the orc priest but do no damage.
Your grab misses the orc priest. You squeeze the orc priest.
The orc priest is lightly wounded.
The orc priest invokes the aid of Beogh against you.
Pain shoots through your body!
You closely miss the orc priest. You grab the orc priest.
The orc priest is lightly wounded.
You constrict the orc priest.
The orc priest looks satisfied for a moment.
You tentacle-slap the orc priest but do no damage.
The orc priest is moderately wounded.
You constrict the orc priest, but do no damage.
The orc priest hits you with a +0 dagger.
You tentacle-slap the orc priest but do no damage.
The orc priest is moderately wounded.
You constrict the orc priest.
The orc priest hits you with a +0 dagger.
You tentacle-slap the orc priest but do no damage.
The orc priest is heavily wounded.
You constrict the orc priest, but do no damage.
The orc priest hits you with a +0 dagger.
* * * LOW HITPOINT WARNING * * *
You tentacle-slap the orc priest but do no damage.
The orc priest is heavily wounded.
You constrict the orc priest, but do no damage.
You block the orc priest's attack.
You tentacle-slap the orc priest but do no damage.
The orc priest is heavily wounded.
You constrict the orc priest, but do no damage.
The orc priest hits you with a +0 dagger.
* * * LOW HITPOINT WARNING * * *
You tentacle-slap the orc priest.
The orc priest is almost dead.
You constrict the orc priest.
The orc priest mumbles some strange prayers to Beogh against you.
Beogh smites you!
Ouch! That really hurt!
You die...
Ru respects your ultimate sacrifice.

######## ........ ######## # # #
# # ######### # #.....h.# #o#
#.#####o# #.ßo #.# #.# #.... #.#
#.# .ß.S.ß.# #.# #.# .......o#
######## #.#####.# #....oo..##
.......####.......####.......o...
######.†.......#####..)..ß...ß..#
............#..#####.####.......#


You could see an orc priest.

Vanquished Creatures
  5 adders (D:2)
  2 ribbon worms (D:2)
  An orc (D:3)
  6 endoplasms
  5 giant cockroaches
  2 hobgoblins
  3 jackals (D:1)
  5 quokkas
  8 ball pythons
  3 bats (D:3)
  4 frilled lizards
  8 goblins
  7 kobolds
  A rat (D:2)
60 creatures vanquished.

Notes
Turn   | Place    | Note
-------+----------+-------------------------------------------
     0 | D:1      | Twinkles the Octopode Shapeshifter began the quest for the
                  | Orb.
     0 | D:1      | Reached XP level 1. HP: 13/13 MP: 1/1
   121 | D:1      | Found a faded altar of an unknown god.
   129 | D:1      | Prayed at the altar of an unknown god.
   129 | D:1      | Became a worshipper of Ru the Awakened
   145 | D:1      | Gained mutation: You are somewhat unskilled. (-1 Apt) [Ru
                  | sacrifice]
   145 | D:1      | Reduced skill Dodging to level 1
   145 | D:1      | Reached * piety under Ru
   308 | D:1      | Reached XP level 2. HP: 7/18 MP: 2/2
   326 | D:1      | Reached skill level 1 in Stealth
   797 | D:1      | Reached XP level 3. HP: 23/23 MP: 3/3
  1531 | D:2      | Reached XP level 4. HP: 27/28 MP: 4/4
  1611 | D:2      | HP: 8/29 [poisoned by an adder]
  1724 | D:2      | Found an opulent altar of Gozag.
  2367 | D:3      | Found an ancient bone altar of Kikubaaqudgha.
  2476 | D:3      | HP: 6/29 [orc priest/+0 dagger (3)]
  2479 | D:3      | Killed from afar by an orc priest

Illustrated notes

Levels and vault maps discovered:
D:1:      eino_arrival_cavern_c, layout_basic, basic_ecumenical_altar
D:2:      minmay_chambers_of_ones, layout_basic, basic_altar
D:3:      layout_loops_ring, mainiacjoe_overflow_brackets,
          mainiacjoe_overflow_alcove_2, grunt_ministairs_2, uniq_terence

Skill      XL: |  1  2  3  4 |
---------------+-------------+-----
Dodging        | 1 2 |  2.4
Unarmed Combat | 2 3 |  3.2
Shapeshifting  | 2 3 |  3.1
Stealth        | 1 2 |  2.2
Fighting       | 2 |  2.0

Action                     |  1- 3 |  4- 6 || total
---------------------------+-------+-------++-------
  Melee: Unarmed           |    64 |    44 ||   108
         Constrict         |    15 |     9 ||    24
         Tentacles         |    13 |     9 ||    22
         Punch             |     1 |       ||     1
 Invoke: Sacrifice Skill   |     1 |       ||     1
   Stab: Sleeping          |    13 |    11 ||    24
 Armour: Skin              |    19 |    16 ||    35
  Dodge: Dodged            |    26 |    11 ||    37
  Block: Buckler           |       |     5 ||     5

Table legend: (Time is in decaauts)
 A = Elapsed time spent in this place.
 B = Non-inter-level travel time spent in this place.
 C = Inter-level travel time spent in this place.
 D = Time resting spent in this place.
 E = Time spent auto-exploring this place.
 F = Levels seen in this place.
 G = Mean time per level.
                   A        B        C        D        E       F      G
               +--------+--------+--------+--------+--------+-----+--------+
         Total |   2474 |   2358 |    116 |      6 |   1906 |   3 |  824.7 |
       Dungeon |   2474 |   2358 |    116 |      6 |   1906 |   3 |  824.7 |
               +--------+--------+--------+--------+--------+-----+--------+

Top non-repeatable levels by time:
     D:1: 1233 daAuts
     D:2: 1082 daAuts
     D:3: 159 daAuts
